 Dungeon Crawl Stone Soup version 0.18-a0-1572-g0a86841 (webtiles) character file.

149 poirepourri the Shield-Bearer (level 5, -3/33 HPs)
             Began as a Gargoyle Fighter on Mar 15, 2016.
             Slain by Hilldric's ghost (10 damage)
             ... on level 3 of the Dungeon.
             The game lasted 00:07:07 (2317 turns).

poirepourri the Shield-Bearer (Gargoyle Fighter)    Turns: 2317, Time: 00:07:07

Health: -3/33      AC: 10    Str: 20    XL:     5   Next: 31%
Magic:  5/5        EV:  8    Int:  9    God:
Gold:   129        SH:  9    Dex:  9    Spells: 0 memorised, 4 levels left

rFire  + . .     SeeInvis .     a - +1 flail
rCold  x . .     Gourm    .     b - +1 scale mail
rNeg   + . .     Faith    .     c - +0 shield
rPois  ∞         Spirit   .     (no helmet)
rElec  +         Dismiss  .     (no cloak)
rCorr  .         Reflect  .     (no gloves)
SustAt .         Harm     .     g - +0 pair of boots
MR     .....                    (no amulet)
Stlth  ..........               (no ring)
                                i - ring of fire

@: not resistant to hostile enchantments, extremely unstealthy
A: deformed body, negative energy resistance 1, screaming 1, electricity
resistance, slow regeneration 1, unbreathing, petrification resistance, rot
immunity, AC +4
a: no special abilities


You were on level 3 of the Dungeon.
You were not hungry.

You visited 1 branch of the dungeon, and saw 3 of its levels.

You collected 129 gold pieces.

Inventory:

Hand Weapons
 a - a +1 flail (weapon)
Armour
 b - a +1 scale mail (worn)
 c - a +0 shield (worn)
 g - a +0 pair of boots (worn)
Jewellery
 i - a ring of fire (left hand)
Wands
 d - a wand of iceblast (12/15)
Scrolls
 e - a scroll of remove curse
Potions
 h - 2 potions of flight
 m - a potion of heal wounds {unknown}
Comestibles
 f - 5 bread rations
 k - a slice of pizza
 o - a meat ration
 p - a beef jerky


   Skills:
 + Level 4.0 Fighting
 + Level 2.7 Maces & Flails
 + Level 4.1 Armour
 + Level 1.2 Dodging
 + Level 0.2 Stealth
 + Level 4.3 Shields


You had 4 spell levels left.
You didn't know any spells.

Dungeon Overview and Level Annotations

Branches:
Dungeon (3/15)

Altars:
Elyvilon
Gozag
Kikubaaqudgha

Annotations:
D:3 Hilldric's ghost, amateur DsGl


Innate Abilities, Weirdness & Mutations

You are resistant to torment.
Your stone body is resilient (AC +4).
You are immune to poison.
You resist negative energy.
You are resistant to electric shocks.
You can survive without breathing.
You are immune to petrification.
You are immune to rotting.
Armour fits poorly on your strangely shaped body.
You occasionally shout uncontrollably at your foes.
You regenerate slowly when monsters are visible.


Message History

Hilldric's ghost is nearby!
Zapping:
d - a wand of iceblast (will waste charges)
Press: ? - help, Shift-Dir - straight line, p - Hilldric's ghost You can't see that place. [a rock wall.]
Okay, then.
Unknown command.
Read which item? (? for menu, Esc to quit)
As you read the scroll labeled XUEGE PERIR, it crumbles to dust.
It is a scroll of enchant armour.
Enchant which item? (? for menu, Esc to quit)
Your +0 scale mail glows green for a moment.
You block Hilldric's ghost's attack.
Drink which item? (? for menu, Esc to quit)
It was a potion of cancellation.
Your magical effects are unravelling.
You feel magically purged.
Your resistance to elements expires.
Hilldric's ghost hits you!
You die...

.##........#+########
.##....(............# #
...[................# #.#
.#..................##?..#?.
.#..........................
.#....##+##.................
.................###........
.##......#######W# #...[>...
..+......+.....#@# #........
.##......#####.#.# #........
.##......#####.#.# #......##
.....#...##....#.# #......#
.....#...##....#.# .......
.....#...#.......#
+####...##.......#
####...##.......#
#<......[.......#


You could see Hilldric's ghost.

Vanquished Creatures
  5 gnolls
  5 adders (D:2)
  A worm (D:2)
  A dart slug (D:2)
  2 giant geckos
  An orc (D:3)
  2 ball pythons (D:1)
  3 bats
  4 goblins
  8 hobgoblins
  2 jackals (D:1)
  A quokka (D:2)
  2 giant newts
  7 kobolds
  7 rats
51 creatures vanquished.

Notes
Turn   | Place    | Note
--------------------------------------------------------------
     0 | D:1      | poirepourri the Gargoyle Fighter began the quest for the Orb.
     0 | D:1      | Reached XP level 1. HP: 14/14 MP: 1/1
   126 | D:1      | Reached XP level 2. HP: 19/19 MP: 2/2
   315 | D:1      | Reached XP level 3. HP: 15/24 MP: 3/3
  1351 | D:2      | Reached XP level 4. HP: 26/29 MP: 4/4
  1414 | D:2      | Found a white marble altar of Elyvilon.
  1538 | D:2      | Gained mutation: Armour fits poorly on your strangely shaped body. [potion of mutation]
  1538 | D:2      | Gained mutation: You regenerate slowly when monsters are visible. [potion of mutation]
  1538 | D:2      | Gained mutation: You occasionally shout uncontrollably at your foes. [potion of mutation]
  1654 | D:2      | Reached skill level 1 in Dodging
  1654 | D:2      | Reached XP level 5. HP: 27/33 MP: 5/5
  1821 | D:2      | Found an ancient bone altar of Kikubaaqudgha.
  1821 | D:2      | Found an opulent altar of Gozag.
  2298 | D:3      | Noticed Hilldric's ghost (amateur DsGl)
  2317 | D:3      | Slain by Hilldric's ghost

Vault maps used:
D:1:      dpeg_arrival_water_temple_mockup, minmay_misc_feat_four_crosses,
          minmay_misc_feat_cross
D:2:      elyvilon_altar_4, gammafunk_temple_overflow_elements
D:3:      first_bread, ecumenical_altar_1, uniq_sigmund

Skill      XL: |  1  2  3  4 |
---------------+-------------+-----
Shields        | 4 |  4.3
Fighting       | 4 |  4.0
Armour         | 4 |  4.1
Dodging        | 1 |  1.2
Maces & Flails | |  2.7
Stealth        | |  0.2

Action                   |  1- 3 |  4- 6 || total
-------------------------+-------+-------++-------
Melee: Flail             |    83 |    92 ||   175
  Use: Scroll            |     3 |     4 ||     7
       Potion            |     1 |     3 ||     4
  Eat: Meat ration       |     1 |       ||     1
